 Dungeon Crawl Stone Soup version 0.31-a0-177-g4aa6249778 (webtiles) character file.

Game seed: 14793477227270313740

427 qw the Chopper (level 6, -17/38 HPs)
             Began as a Gargoyle Fighter on June 18, 2023.
             Demolished by Edmund
             ... wielding a +4 heavy dire flail
              (22 damage)
             ... on level 4 of the Dungeon.
             The game lasted 00:01:21 (2359 turns).

qw the Chopper (Gargoyle Fighter)                   Turns: 2359, Time: 00:01:21

Health: -17/38     AC: 12    Str: 21    XL:     6   Next: 97%
Magic:  6/6        EV:  9    Int:  9    God:
Gold:   159        SH:  5    Dex: 15    Spells: 5/5 levels left

rFire   . . .        Y - +0 war axe
rCold   . . .        c - +0 buckler
rNeg    + . .        b - +0 scale mail
rPois   inf          (no helmet)
rElec   +            (no cloak)
rCorr   .            (no gloves)
SInv    .            f - +0 pair of boots
Will    .....        e - amulet of the acrobat Stlth
                     g - +6 ring of dexterity
HPRegen 0.26/turn    (no ring)
MPRegen 0.10/turn

%: acrobat
@: no status effects
A: sickness immunity, AC +4, negative energy resistance 1, electricity
resistance, torment resistance 1, petrification resistance
a: no special abilities


You were on level 4 of the Dungeon.
You visited 1 branch of the dungeon, and saw 4 of its levels.

You collected 159 gold pieces.


Innate Abilities, Weirdness & Mutations

You are immune to sickness and miasma.
Your stone body is resilient. (AC +4)
You are immune to poison.
You resist negative energy. (rN+)
You are resistant to electric shocks. (rElec)
You are resistant to unholy torment.
You are immune to petrification.


   Skills:
 - Level 4.0 Fighting
 + Level 6.1 Axes
 - Level 3.2 Armour
 - Level 1.0 Dodging
 - Level 3.2 Shields


You had 5 spell levels left.
You didn't know any spells.
Your spell library was empty.

Inventory:

Hand Weapons
 k - a +0 mace
 Y - a +0 war axe (weapon)
Armour
 b - a +0 scale mail (worn)
 c - a +0 buckler (worn)
 f - a +0 pair of boots (worn)
Jewellery
 e - an amulet of the acrobat (around neck)
 g - a +6 ring of dexterity (left hand)
Scrolls
 a - 3 scrolls of identify
 h - a scroll of teleportation {unknown}
 l - a scroll of silence {unknown}
Potions
 d - a potion of might
 i - a potion of attraction
 j - a potion of brilliance {unknown}

Dungeon Overview and Level Annotations

Branches:
Dungeon (4/15)
 Temple: D:4-7

Altars:
Cheibriados

Annotations:
D:3 exclusion: dart slug
D:4 Edmund


Message History

Enter note:
2343 ||| Stepping ~*~*~tactically~*~*~ (stealth).
The hobgoblin shouts!
You slash the hobgoblin!
You kill the hobgoblin!
You slash Edmund!
Edmund is moderately wounded.
Edmund hits you but does no damage.
You slash Edmund!
Edmund is heavily wounded.
Edmund barely misses you.
You hit Edmund but do no damage.
Edmund is heavily wounded.
Edmund barely misses you.
You closely miss Edmund.
Edmund is heavily wounded.
You barely miss Edmund.
Edmund is heavily wounded.
Edmund hits you but does no damage.
You barely miss Edmund.
Edmund is heavily wounded.
You block Edmund's attack.
You barely miss Edmund.
Edmund is heavily wounded.
Edmund hits you with a +4 heavy dire flail!
You slash Edmund!
Edmund is severely wounded.
You block Edmund's attack.
You barely miss Edmund.
Edmund is severely wounded.
You barely miss Edmund.
Edmund is severely wounded.
Edmund says, "People will remember me!
They'll remember me and die!"
Edmund hits you with a +4 heavy dire flail!!
Ouch! That really hurt!
You slash Edmund!
Edmund is almost dead.
Edmund hits you with a +4 heavy dire flail!!
Ouch! That really hurt!
You die...

.# ....... ## .#
....... g. #.# .......
#. ####.#### .....$.
#. #.......# .....
#g###.......# ...
#...........#
#@#########.......#
#.@.....###.......#
##..........).....#
#................#
#.........########
#.........#
#.........#
############'####
#..........#.#########
#..........#....%....#


You could see Edmund.

Vanquished Creatures
  Sigmund (D:4)
  A scorpion (D:4)
  An orc priest (D:4)
  An iguana (D:4)
  2 orc wizards (D:4)
  3 adders
  2 worms (D:3)
  2 dart slugs
  6 orcs (D:4)
  8 endoplasms
  3 giant cockroaches
  4 goblins
  8 hobgoblins
  6 jackals
  2 quokkas
  7 ball pythons
  2 bats
  3 kobolds
  7 rats
  A spectral kobold (D:1)
70 creatures vanquished.

Notes
Turn   | Place    | Note
-------+----------+-------------------------------------------
     0 | D:1      | qw the Gargoyle Fighter began the quest for the Orb.
     0 | D:1      | Reached XP level 1. HP: 14/14 MP: 1/1
     0 | D:1      | 0 ||| qw: Version: 0.3-a-7-ge0c9b40
     0 | D:1      | 0 ||| qw: Game counter: 763
     0 | D:1      | 0 ||| qw: Always use a shield: true
     0 | D:1      | 0 ||| qw: God list: Okawaru
     0 | D:1      | 0 ||| qw: Allow faded altars: false
     0 | D:1      | 0 ||| qw: Do Orc after D:15 true
     0 | D:1      | 0 ||| qw: Do second Lair branch before Depths: true
     0 | D:1      | 0 ||| qw: Lair rune preference: random
     0 | D:1      | 0 ||| qw: Plans: Normal, Zot:1-4, Slime:5, God:TSO, Crypt,
                  | Tomb, Abyss, Pan, Hells, Win
     0 | D:1      | 0 ||| PLANNING D:1-11
    36 | D:1      | Reached skill level 2 in Axes
   147 | D:1      | Reached XP level 2. HP: 15/19 MP: 2/2
   304 | D:1      | 304 ||| Stepping ~*~*~tactically~*~*~ (stealth).
   346 | D:1      | 346 ||| Stepping ~*~*~tactically~*~*~ (stealth).
   347 | D:1      | 347 ||| Stepping ~*~*~tactically~*~*~ (stealth).
   348 | D:1      | 348 ||| Stepping ~*~*~tactically~*~*~ (stealth).
   350 | D:1      | 350 ||| Stepping ~*~*~tactically~*~*~ (stealth).
   426 | D:1      | Reached skill level 3 in Axes
   426 | D:1      | Found a faded altar of an unknown god.
   479 | D:1      | Reached XP level 3. HP: 23/23 MP: 3/3
   784 | D:1      | 784 ||| UPGRADING to +6 ring of dexterity.
   785 | D:1      | 785 ||| READING 2 scrolls labelled WOGHACV PIAF.
   786 | D:1      | 786 ||| READING scroll labelled CUAXIMIENA.
   787 | D:1      | 787 ||| READING scroll labelled CIVEAMOATUA.
   800 | D:2      | 800 ||| Stepping ~*~*~tactically~*~*~ (stealth).
   812 | D:2      | 812 ||| Stepping ~*~*~tactically~*~*~ (stealth).
   832 | D:2      | Found the +7 staff of the Meek {protect, meekguard}
   872 | D:2      | 872 ||| DROPPING +0 club.
   976 | D:2      | 976 ||| DROPPING +0 whip.
  1032 | D:2      | Reached skill level 1 in Dodging
  1067 | D:2      | 1067 ||| Stepping ~*~*~tactically~*~*~ (hiding).
  1211 | D:2      | 1211 ||| UPGRADING to amulet of the acrobat.
  1216 | D:2      | 1216 ||| READING 2 scrolls labelled FAR REK HYLA.
  1217 | D:2      | 1217 ||| DRINKING 2 cyan potions.
  1218 | D:2      | 1218 ||| READING 2 scrolls of identify.
  1218 | D:2      | 1218 ||| IDENTIFYING ruby potion
  1219 | D:2      | 1219 ||| DROPPING scroll of immolation.
  1455 | D:3      | Reached XP level 4. HP: 28/28 MP: 4/4
  1497 | D:3      | 1497 ||| UPGRADING to +0 pair of boots.
  1973 | D:3      | 1973 ||| READING scroll labelled USSOMACOGH.
  1973 | D:3      | Found a snail-covered altar of Cheibriados.
  2040 | D:4      | Noticed Sigmund
  2045 | D:4      | Killed Sigmund
  2046 | D:4      | Reached skill level 5 in Axes
  2046 | D:4      | Reached XP level 5. HP: 32/32 MP: 5/5
  2046 | D:4      | Reached XP level 6. HP: 37/37 MP: 6/6
  2160 | D:4      | 2160 ||| DRINKING potion of curing.
  2160 | D:4      | 2160 ||| (to cure confusion)
  2243 | D:4      | Reached skill level 6 in Axes
  2303 | D:4      | 2303 ||| FLEEEEING.
  2306 | D:4      | 2306 ||| FLEEEEING.
  2311 | D:4      | 2311 ||| FLEEEEING.
  2312 | D:4      | 2312 ||| FLEEEEING.
  2313 | D:4      | 2313 ||| FLEEEEING.
  2314 | D:4      | 2314 ||| FLEEEEING.
  2342 | D:4      | Noticed Edmund
  2343 | D:4      | 2343 ||| Stepping ~*~*~tactically~*~*~ (stealth).
  2358 | D:4      | HP: 5/38 [Edmund/+4 heavy dire flail (20)]
  2359 | D:4      | Demolished by Edmund

Levels and vault maps discovered:
D:1:      dpeg_arrival_tiny_j, layout_loops_ring,
          dreamdust_ecumenical_altar_drowned_temple,
          chequers_serial_rivers_small_b, corexii_leaking_fountain
D:2:      layout_rooms
D:3:      layout_loops_ring, kennysheep_slug_shrine
D:4:      layout_basic, nrook_campfire, uniq_sigmund, uniq_edmund

Skill      XL: |  1  2  3  4  5  6 |
---------------+-------------------+-----
Axes           | 2 3 5 6 |  6.1
Dodging        | 1 |  1.0
Fighting       | 4 |  4.0
Armour         | |  3.2
Shields        | |  3.2

Action                     |  1- 3 |  4- 6 || total
---------------------------+-------+-------++-------
  Melee: War axe           |   115 |    89 ||   204
    Use: Scroll            |     5 |     1 ||     6
         Potion            |     1 |     1 ||     2
 Armour: Scale mail        |    48 |    42 ||    90
  Dodge: Dodged            |    36 |    33 ||    69
  Block: Buckler           |    28 |    16 ||    44

Table legend:
 A = Non-vault XP
 B = Vault XP
 C = Vault XP percentage of total XP
 D = Non-vault monster count
 E = Vault monster count
 F = Vault count percentage of total count
                 A         B        C        D         E       F
            +---------+---------+-------+---------+---------+-------
      Total |     395 |     215 |  35.2 |      68 |       2 |   2.9
            +---------+---------+-------+---------+---------+-------
        D:1 |      37 |       1 |   2.6 |      21 |       1 |   4.5
        D:2 |      27 |       0 |   0.0 |      16 |       0 |   0.0
        D:3 |      37 |       0 |   0.0 |      11 |       0 |   0.0
        D:4 |     294 |     214 |  42.1 |      20 |       1 |   4.8
            +---------+---------+-------+---------+---------+-------
